 Dungeon Crawl Stone Soup version 0.18-a0-1789-gbeff17f (webtiles) character file.

441 Mefis the Purveyor of Pain (level 7, 0/47 HPs)
             Began as a Human Necromancer on Apr 21, 2016.
             Was an Initiate of Kikubaaqudgha.
             Slain by a hound (4 damage)
             ... on level 4 of the Dungeon.
             The game lasted 00:39:41 (5207 turns).

Mefis the Purveyor of Pain (Human Necromancer)      Turns: 5207, Time: 00:39:42

Health: 0/47       AC:  5    Str:  8 (9)  XL:     7   Next: 22%
Magic:  2/13       EV:  8    Int: 15 (17) God:    Kikubaaqudgha [......]
Gold:   2          SH:  0    Dex: 12 (13) Spells: 5 memorised, 2 levels left

rFire  . . .     SeeInvis .     q - +0 short sword
rCold  . . .     Gourm    .     F - +2 robe of Submission {+Fly}
rNeg   + . .     Faith    .     (no shield)
rPois  .         Spirit   .     y - +0 helmet
rElec  .         Dismiss  .     (no cloak)
rCorr  .         Reflect  .     (no gloves)
SustAt .         Harm     .     (no boots)
MR     .....                    (no amulet)
Stlth  ++........               (no ring)
                                z - ring of positive energy

@: not resistant to hostile enchantments, unstealthy
A: no striking features
a: Renounce Religion, Evoke Flight


You were on level 4 of the Dungeon.
You worshipped Kikubaaqudgha.
Kikubaaqudgha was noncommittal.
You were not hungry.

You visited 1 branch of the dungeon, and saw 5 of its levels.

You collected 162 gold pieces.
You spent 160 gold pieces at shops.

Inventory:

Hand Weapons
 h - a +0 club
 o - a +0 hunting sling
 q - a +0 short sword (weapon)
Missiles
 e - 29 arrows
 g - 15 sling bullets
 n - 15 poisoned needles
 s - 47 stones (quivered)
Armour
 a - a +0 robe
 y - a +0 helmet (worn)
 F - the +2 robe of Submission (worn) {+Fly}
   (You found it on level 5 of the Dungeon)

   It lets you fly.
Jewellery
 m - an uncursed amulet of guardian spirit
 z - a ring of positive energy (left hand)
Scrolls
 k - 4 scrolls of remove curse
 w - a scroll of amnesia
 x - a scroll of recharging
 A - a scroll of random uselessness
 D - a scroll of identify
 G - a scroll of enchant armour {unknown}
Potions
 d - a potion of brilliance {unknown}
 f - a potion of lignification {unknown}
 l - a potion of flight {unknown}
 p - a potion of haste {unknown}
 r - a potion of degeneration
 t - a potion of cure mutation {unknown}
 u - a potion of magic {unknown}
 v - a potion of invisibility {unknown}
Books
 b - a book of Necromancy

   Spells                             Type                      Level
   a - Pain                           Necromancy                   1
   b - Animate Skeleton               Necromancy                   1
   c - Vampiric Draining              Necromancy                   3
   d - Regeneration                   Charms/Necromancy            3
   e - Animate Dead                   Necromancy                   4
   f - Control Undead                 Necromancy                   4
Comestibles
 c - 2 bread rations
 j - 3 meat rations
 E - a beef jerky


   Skills:
 + Level 0.6 Fighting
 + Level 1.5 Slings
 + Level 2.8 Dodging
 + Level 2.3 Stealth
 + Level 4.4 Spellcasting
 + Level 5.9 Necromancy


You had 2 spell levels left.
You knew the following spells:

 Your Spells              Type           Power        Failure   Level  Hunger
a - Pain                  Necr           ###.         1%          1    None
b - Animate Skeleton      Necr           N/A          1%          1    None
c - Vampiric Draining     Necr           ###.......   4%          3    ###....
d - Animate Dead          Necr           N/A          17%         4    ####...
e - Regeneration          Chrm/Necr      ##........   17%         3    ###....


Dungeon Overview and Level Annotations

Branches:
Dungeon (5/15)
 Temple: D:4-7

Altars:
Cheibriados
Elyvilon
Fedhas
Gozag
Kikubaaqudgha
Pakellas
Ru

Shops:
D:4 *(}!   D:5 [

Annotations:
D:4 Magic Shop!


Message History

Drink which item? (? for menu, Esc to quit)
Okay, then.
Read which item? (? for menu, Esc to quit)
As you read the scroll labeled MIXUTO TAYP, it crumbles to dust.
The scroll dissolves into smoke.
It was a scroll of fog.
The hound bites you but does no damage. x2
The hound bites you.
* * * LOW HITPOINT WARNING * * *
There is a stone staircase leading down, spattered with blood here.
Things that are here:
a club; a robe The hound barely misses you.
The hound bites you but does no damage. The hound bites you but does no damage.
The hound misses you. The hound bites you but does no damage.
There is a stone staircase leading up here.
The hound bites you but does no damage. The hound bites you.
You die...
Kikubaaqudgha rasps: "You have failed me!
Welcome... death!"

#....########.##.#.#)###.# #.#
..........>....#.##.## #.#
#.### ###..###.####..#.##.#
##.## #.... #
#..###.###.#.#.##.###...#######
#
#§§##..##.###.........#......#
#
#§§##..###.#.########...####.#
# #§§##..####..# ##.## ##.## #
#§§§§........#########.# #...#
# #########....h@........#
#.... # ################ #...#
#####


You could see a hound.

Vanquished Creatures
  Sigmund (D:3)
  A hound (D:4)
  A gnoll shaman (D:4)
  A giant frog skeleton (D:4)
  A centaur skeleton (D:4)
  3 gnolls (D:4)
  4 adders
  An ooze (D:3)
  3 worms
  A dart slug (D:1)
  3 giant geckos
  An orc (D:3)
  10 bats
  4 giant cockroaches
  6 goblins
  13 hobgoblins
  4 jackals (D:4)
  7 kobolds
  4 giant newts
  8 rats
77 creatures vanquished.

Vanquished Creatures (collateral kills)
  An adder (D:3)
  A bat (D:1)
  2 goblins
  3 hobgoblins
7 creatures vanquished.

Grand Total: 84 creatures vanquished

Notes
Turn   | Place    | Note
--------------------------------------------------------------
     0 | D:1      | Mefis the Human Necromancer began the quest for the Orb.
     0 | D:1      | Reached XP level 1. HP: 13/13 MP: 3/3
   150 | D:1      | Reached XP level 2. HP: 13/19 MP: 0/5
   227 | D:1      | Learned a level 1 spell: Animate Skeleton
   696 | D:1      | Reached XP level 3. HP: 18/24 MP: 2/6
   710 | D:1      | Learned a level 3 spell: Vampiric Draining
  1196 | D:2      | Reached XP level 4. HP: 25/30 MP: 1/7
  1410 | D:2      | Found a sacrificial altar of Ru.
  1471 | D:2      | Found an opulent altar of Gozag.
  1803 | D:2      | Reached skill level 5 in Necromancy
  2196 | D:3      | Noticed Sigmund
  2204 | D:3      | Found an oddly glowing altar of Pakellas.
  2205 | D:3      | Killed Sigmund
  2205 | D:3      | Reached skill level 1 in Slings
  2205 | D:3      | Reached XP level 5. HP: 16/35 MP: 0/10
  2205 | D:3      | Reached XP level 6. HP: 19/41 MP: 0/11
  2379 | D:3      | Learned a level 4 spell: Animate Dead
  2383 | D:3      | Learned a level 3 spell: Regeneration
  3005 | D:3      | Found a blossoming altar of Fedhas.
  3008 | D:3      | Found an ancient bone altar of Kikubaaqudgha.
  3016 | D:3      | Became a worshipper of Kikubaaqudgha
  3074 | D:3      | Found a white marble altar of Elyvilon.
  3075 | D:3      | Found a snail-covered altar of Cheibriados.
  3872 | D:4      | Reached XP level 7. HP: 26/47 MP: 9/13
  4056 | D:4      | Found Mopon's Assorted Antiques.
  4061 | D:4      | Bought a scroll of remove curse for 96 gold pieces
  4061 | D:4      | Bought a scroll of identify for 64 gold pieces
  4421 | D:4      | Found Ecafeyci's Gadget Shoppe.
  4439 | D:4      | Found Geocs's Weapon Boutique.
  4576 | D:4      | Found Bapnadem's Distillery.
  4811 | D:5      | Entered Level 5 of the Dungeon
  4821 | D:5      | Got a steaming robe
  4837 | D:5      | Identified the +2 robe of Submission {+Fly} (You found it on level 5 of the Dungeon)
  4887 | D:5      | Found Zeafog's Antique Armour Shoppe.
  5195 | D:4      | HP: 2/47 [hound (2)]
  5207 | D:4      | Slain by a hound

Vault maps used:
D:1:      dpeg_arrival_erosion
D:2:      marbit_many_paths, lemuel_coloured_pillars_altar, first_bread
D:3:      grunt_pakellas_basics, grunt_temple_overflow_growth_and_decay,
          gammafunk_temple_overflow_pools, uniq_sigmund
D:4:      serial_shops, shop, nicolae_shop_overgrown_old_shop, shop_statue, shop
D:5:      serial_shops, nicolae_shop_competitors_out_of_business,
          wad_floor_pattern_2, cheibrodos_ashenzari_chains

Skill      XL: |  1  2  3  4  5  6 |
---------------+-------------------+-----
Necromancy     | 5 |  5.9
Slings         | 1 |  1.5
Spellcasting   | 3 4 |  4.4
Fighting       | |  0.6
Dodging        | |  2.8
Stealth        | |  2.3

Action                   |  1- 3 |  4- 6 |  7- 9 || total
-------------------------+-------+-------+-------++-------
Melee: Club              |     8 |       |       ||     8
       Unarmed           |     2 |       |       ||     2
       Short sword       |       |    25 |     1 ||    26
 Fire: Hunting sling     |       |    40 |       ||    40
Throw: Stone             |       |     6 |       ||     6
 Cast: Pain              |    45 |    76 |    31 ||   152
       Animate Skeleton  |    13 |    10 |     2 ||    25
       Animate Dead      |       |     4 |     1 ||     5
  Use: Scroll            |     2 |       |     7 ||     9
       Potion            |       |       |     3 ||     3
  Eat: Chunk             |     2 |     7 |       ||     9
       Bread ration      |       |     1 |     1 ||     2
Armor: Robe              |     3 |    13 |     9 ||    25
Dodge: Dodged            |    27 |    74 |    17 ||   118
